 Dungeon Crawl Stone Soup version 0.24-a0-513-g284f782df5 (webtiles) character file.

Game seed: 12355923217671235389

14 Azzok the Digger (level 2, -1/19 HPs)
             Began as a Barachi Earth Elementalist on July 20, 2019.
             Slain by a jackal (3 damage)
             ... on level 1 of the Dungeon.
             The game lasted 00:00:28 (300 turns).

Azzok the Digger (Barachi Earth Elementalist)        Turns: 300, Time: 00:00:29

Health: -1/19      AC:  2    Str:  9    XL:     2   Next: 41%
Magic:  0/5        EV: 12    Int: 15    God:
Gold:   10         SH:  0    Dex: 12    Spells: 5/6 levels left

rFire    . . .     SeeInvis .   (no weapon)
rCold    . . .     Gourm    .   (no shield)
rNeg     . . .     Faith    .   c - +0 robe
rPois    .         Spirit   .   (no helmet)
rElec    .         Reflect  .   (no cloak)
rCorr    .         Harm     .   (no gloves)
MR       .....                  (no boots)
Stlth    ++........             (no amulet)
HPRegen  0.06/turn              (no ring)
MPRegen  0.09/turn              (no ring)

@: slow
A: +LOS, swims, slowness 1, strong legs 1
a: Hop


You were on level 1 of the Dungeon.
You were not hungry.

You visited 1 branch of the dungeon, and saw 1 of its levels.

You collected 10 gold pieces.

Inventory:

Missiles
 b - 17 stones (quivered)
Armour
 c - a +0 robe (worn)
Jewellery
 h - an uncursed ring of protection from cold {unknown}
Scrolls
 e - a scroll of identify {unknown}
 f - a scroll of remove curse {unknown}
 g - a scroll of noise {unknown}
Comestibles
 a - 2 chunks of flesh
 d - 2 rations


   Skills:
 - Level 2.1 Dodging
 - Level 1.7 Stealth
 + Level 2.7 Spellcasting
   Level 1.1 Transmutations
 + Level 3.4 Earth Magic


You had 5 spell levels left.
You knew the following spells:

 Your Spells              Type           Power        Failure   Level  Hunger
a - Sandblast             Erth           ##....       5%          1    #......

Your spell library contained the following spells:

 Spells                   Type           Power        Failure   Level  Hunger
 Passwall                 Tmut/Erth      #.......     12%         2    ##.....
 Stone Arrow              Conj/Erth      #.....       30%         3    ###....
 Petrify                  Tmut/Erth      #.......     63%         4    #####..
 Lee's Rapid Deconstruct  Erth           ##........   82%         5    ######.


Dungeon Overview and Level Annotations

Branches:
Dungeon (1/15)

Altars:


Innate Abilities, Weirdness & Mutations

Shadows flee at your approach. (+LOS)
You can swim through water.
You cover ground slowly.
You can hop short distances.


Message History

The bat barely misses you.
Casting: Sandblast (safe; 5% risk of failure)
Confirm with . or Enter, or press ? or * to list all spells.
Aiming: Sandblast (safe; 5% risk of failure)
Press: ? - help, Shift-Dir - straight line, f/p - jackal
Aim: a jackal The blast of sand hits the jackal!
You kill the jackal!
b - 18 stones The bat closely misses you.
Casting: Sandblast (safe; 5% risk of failure)
Confirm with . or Enter, or press ? or * to list all spells.
Aiming: Sandblast (safe; 5% risk of failure)
Press: ? - help, Shift-Dir - straight line, f - jackal
Aim: a jackal The blast of sand hits the jackal but does no damage.
b - 17 stones
* * * LOW MAGIC WARNING * * *
The bat closely misses you. The jackal bites you.
You die...

▒·▒·····▒ ▒·▒·▒▒··▒
▒▒▒▒·▒··▒··▒ ▒·····▒▒·▒··▒
▒▒▒▒▒▒·▒▒▒·▒▒·▒··▒
·············▒··▒
▒··▒·▒▒·····▒···
▒········▒·▒▒▒····
▒·b@············▒
▒▒▒▒▒▒▒▒▒▒▒▒▒▒▒▒h▒▒▒▒·▒·▒▒▒▒·▒
····÷···········l·······▒
▒▒▒▒▒▒▒▒·▒▒▒▒▒▒··▒▒▒▒·▒▒▒ ▒
▒·▒ ▒▒·▒▒ ▒·▒▒▒·▒ ▒·▒ ▒··▒
▒····· ▒▒▒▒▒▒▒·▒ ▒··▒▒▒··▒··
▒·······▒ ▒··▒·····▒ ▒·▒▒▒▒▒▒▒
▒····▒···▒


You could see a leopard gecko, a jackal and a bat.

Vanquished Creatures
  A dart slug (D:1)
  3 leopard geckos (D:1)
  2 jackals (D:1)
  A kobold (D:1)
  A rat (D:1)
8 creatures vanquished.

Notes
Turn   | Place    | Note
-------+----------+-------------------------------------------
     0 | D:1      | Azzok the Barachi Earth Elementalist began the quest for
                  | the Orb.
     0 | D:1      | Reached XP level 1. HP: 13/13 MP: 3/3
   109 | D:1      | Reached XP level 2. HP: 19/19 MP: 0/5
   300 | D:1      | Slain by a jackal

Levels and vault maps discovered:
D:1:      lemuel_arrival_funnel, layout_basic, kennysheep_boxes

Action                   || total
-------------------------++-------
Melee: Unarmed           ||    16
 Cast: Sandblast         ||    13
Armor: Robe              ||     3
Dodge: Dodged            ||    28

Table legend:
 A = Non-vault XP
 B = Vault XP
 C = Vault XP percentage of total XP
 D = Non-vault monster count
 E = Vault monster count
 F = Vault count percentage of total count
                 A         B        C        D         E       F
            +---------+---------+-------+---------+---------+-------
      Total |      20 |       0 |   0.0 |       8 |       0 |   0.0
            +---------+---------+-------+---------+---------+-------
        D:1 |      20 |       0 |   0.0 |       8 |       0 |   0.0
            +---------+---------+-------+---------+---------+-------
